 Dungeon Crawl Stone Soup version 0.28.0-53-g5a82cb258f (webtiles) character file.

Game seed: 11156346529068589487

51 Gabide the Skirmisher (level 4, -7/36 HPs)
             Began as a Human Monk on May 29, 2022.
             Mangled by Crazy Yiuf
             ... wielding a +3 quarterstaff of chaos
              (9 damage)
             ... while paralysed by Crazy Yiuf
             ... on level 2 of the Dungeon.
             The game lasted 00:03:25 (2199 turns).

Gabide the Skirmisher (Human Monk)                  Turns: 2199, Time: 00:03:26

Health: -7/36      AC:  2    Str: 12    XL:     4   Next: 5%
Magic:  4/4        EV:  2    Int: 10    God:
Gold:   71         SH:  0    Dex: 17    Spells: 3/3 levels left

rFire   . . .      SeeInvis .   a - +0 spear
rCold   . . .      Faith    .   (no shield)
rNeg    . . .      Spirit   .   b - +0 robe
rPois   .          Reflect  .   (no helmet)
rElec   .          Harm     .   (no cloak)
rCorr   .          Rampage  .   (no gloves)
Will    .....                   (no boots)
Stlth   ++........              (no amulet)
HPRegen 0.12/turn               (no ring)
MPRegen 0.09/turn               (no ring)

@: paralysed, lethally poisoned (-7 -> -11)
A: no striking features
a: no special abilities


You were on level 2 of the Dungeon.
You visited 1 branch of the dungeon, and saw 2 of its levels.

You collected 71 gold pieces.

Inventory:

Hand Weapons
 a - a +0 spear (weapon)
Missiles
 c - 2 atropa-tipped darts (quivered)
Armour
 b - a +0 robe (worn)
Scrolls
 d - 2 scrolls of teleportation
 j - a scroll of holy word {unknown}
 k - 2 scrolls of identify {unknown}
Potions
 e - a potion of attraction {unknown}
 f - a potion of might {unknown}
 g - a potion of degeneration {unknown}
 h - a potion of curing {unknown}
 i - a potion of brilliance {unknown}


   Skills:
 + Level 3.6 Fighting
 + Level 3.6 Polearms
 + Level 3.5 Dodging
 - Level 2.0 Stealth


You had 3 spell levels left.
You didn't know any spells.
Your spell library contained the following spells:

 Spells                   Type           Power      Damage    Failure   Level
 Static Discharge         Conj/Air       0%         N/A       50%         2
 Dispel Undead            Necr           0%         3d6       98%         4
 Sticky Flame             Conj/Fire      0%         2d3       98%         4


Dungeon Overview and Level Annotations

Branches:
Dungeon (2/15)

Altars:

Annotations:
D:2 Crazy Yiuf


Message History

g - Guard the area. f - Follow me.
Anything else - Cancel.
You shout for attention!
You see here a +0 dagger.
There is a stone staircase leading down here.
What are your orders? t - Shout!
Orders for allies: a - Attack new target. r - Retreat! s - Stop attacking. g - Guard the area. f - Follow me.
Anything else - Cancel.
You shout for attention!
You see here a +0 dagger.
There is a stone staircase leading up here.
Crazy Yiuf is nearby!
You throw an atropa-tipped dart. The atropa-tipped dart hits Crazy Yiuf.
Crazy Yiuf appears confused.
Crazy Yiuf shouts!
Crazy Yiuf seems less confused.
Crazy Yiuf says, "Orb!"
You closely miss Crazy Yiuf. Crazy Yiuf barely misses you.
You catch the helpless Crazy Yiuf completely off-guard!
You hit Crazy Yiuf.
Crazy Yiuf is moderately wounded.
Crazy Yiuf is no longer blind.
Crazy Yiuf laughs, "Snoogle!
Mountain wrapper seventy."
Crazy Yiuf hits you with a +3 quarterstaff of chaos!
You suddenly lose the ability to move!
Crazy Yiuf barely misses you.
Crazy Yiuf hits you with a +3 quarterstaff of chaos.
You are poisoned.
You feel sick.
Crazy Yiuf hits you with a +3 quarterstaff of chaos!
* * * LOW HITPOINT WARNING * * *
Crazy Yiuf freezes you.
* * * LOW HITPOINT WARNING * * *
* * * LOW HITPOINT WARNING * * *
You feel sick.
Crazy Yiuf hits you with a +3 quarterstaff of chaos!
You die...

### #.#..# ##.## ##.####.#
##.###....# #...## #.####.###
##.#.####..# #....# #.#.......
##.###.####.# #....# #.#.##.##.
#.## ##..#### ##..## #.......#.
.## ##.# #....# #.......#. #.##
##..# #...## ##......##
#..###.#.#### #(g.# ####.##...##
....#.......# #.@.# #...........
#.....##.##.###...####.........##
#.......................###...###
..#.#.##.................##...##.
###.#.###................#....##.
#.....#####.###...####.)....#.##.
....#.......# #...# #......#.##.
#.########### #...# #........##.
#.# #...# #.#.........


You could see Crazy Yiuf.

Vanquished Creatures
  An adder (D:2)
  A dart slug (D:1)
  3 bats
  4 endoplasms
  2 giant cockroaches
  3 goblins (D:1)
  3 hobgoblins
  4 kobolds
  4 quokkas
  5 ball pythons
  2 frilled lizards (D:2)
  4 rats
36 creatures vanquished.

Notes
Turn   | Place    | Note
-------+----------+-------------------------------------------
     0 | D:1      | Gabide the Human Monk began the quest for the Orb.
     0 | D:1      | Reached XP level 1. HP: 18/18 MP: 1/1
    91 | D:1      | Reached XP level 2. HP: 19/24 MP: 2/2
   482 | D:1      | Found a faded altar of an unknown god.
   504 | D:1      | Reached XP level 3. HP: 29/29 MP: 3/3
   947 | D:2      | Found a runed translucent door.
   948 | D:2      | Noticed Crazy Yiuf
  1374 | D:2      | Reached XP level 4. HP: 32/36 MP: 4/4
  2195 | D:2      | Paralysed by Crazy Yiuf for 7 turns
  2199 | D:2      | Mangled by Crazy Yiuf

Illustrated notes

Levels and vault maps discovered:
D:1:      saegor_arrival_under_anarchy, layout_loops_cross,
          shapermc_ecumenical_altar_mp_highgroup, minmay_misc_feat_four_crosses
D:2:      layout_loops_cross, uniq_crazy_yiuf_cottage

Action                   |  1- 3 |  4- 6 || total
-------------------------+-------+-------++-------
Melee: Spear             |    96 |     6 ||   102
       Punch             |     1 |       ||     1
Throw: Dart              |       |     2 ||     2
  Use: Scroll            |       |     1 ||     1
 Stab: Sleeping          |     8 |     2 ||    10
       Invisible         |       |     1 ||     1
Armor: Robe              |     4 |       ||     4
Dodge: Dodged            |    43 |     3 ||    46
